 Dungeon Sprint DCSS version 0.25.1-2-g60ff931df9 (webtiles) character file.

Game seed: 16144685425622609311

424 raphialitos the Unseen (level 6, -3/33 HPs)
             Began as a Spriggan Assassin on Oct 29, 2020.
             Was an Initiate of Dithmenos.
             Slain by a crimson imp (4 damage)
             ... summoned by a kobold demonologist
             ... while paralysed by a floating eye
             ... in the Dungeon (Sprint I: "Red Sonja").
             The game lasted 00:01:55 (342 turns).

raphialitos the Unseen (Spriggan Assassin)           Turns: 342, Time: 00:01:55

Health: -3/33      AC:  3    Str:  7    XL:     6   Next: 64%
Magic:  7/7        EV:  4    Int: 12    God:    Dithmenos [......]
Gold:   405        SH:  0    Dex: 20    Spells: 5/5 levels left

rFire    . . .     SeeInvis +   a - +2 dagger
rCold    . . .     Gourm    .   (shield restricted)
rNeg     . . .     Faith    .   b - +0 robe
rPois    .         Spirit   .   (helmet restricted)
rElec    .         Reflect  .   c - +0 cloak
rCorr    .         Harm     .   (gloves unavailable)
MR       +....     NoTele   +   (boots unavailable)
Stlth    +++++++...             (no amulet)
HPRegen  0.11/turn              (no ring)
MPRegen  0.10/turn              (no ring)

@: paralysed, very quick
A: very small, unfitting armour, see invisible, herbivore, speed 3, slow
metabolism 2
a: Renounce Religion


You were in the Dungeon.
You worshipped Dithmenos.
Dithmenos was noncommittal.
You were not hungry.

You visited 1 branch You collected 405 gold pieces.

Inventory:

Hand Weapons
 a - a +2 dagger (weapon)
Missiles
 d - 8 poisoned darts (quivered)
 e - 2 curare-tipped darts
Armour
 b - a +0 robe (worn)
 c - a +0 cloak (worn)
Potions
 g - a potion of curing
 i - a potion of haste
 j - 2 potions of magic
 k - a potion of berserk rage
Comestibles
 f - a ration


   Skills:
 + Level 3.7 Fighting
 + Level 5.0 Short Blades
 + Level 4.6 Throwing
 + Level 2.4 Dodging
 + Level 18.0 Stealth


You had 5 spell levels left.
You didn't know any spells.
Your spell library was empty.

Dungeon Overview and Level Annotations

Branches:
Dungeon (1/1)

Altars:
Cheibriados
Dithmenos
Elyvilon
Fedhas
Gozag
Hepliaklqana
Kikubaaqudgha
Makhleb
Nemelex Xobeh
Okawaru
Qazlal
Ru
Sif Muna
Trog
Uskayaw
Vehumet
Wu Jian
Xom
Yredelemnul
Zin
The Shining One
Jiyva
Lugonu

Shops:
D *


Innate Abilities, Weirdness & Mutations

You are very small and have problems with some larger weapons.
You are too small for most types of armour.
You have supernaturally acute eyesight. (SInv)
You are a herbivore.
You cover ground extremely quickly.
You need to consume almost no food.


Message History

Unknown command.
You hit the kobold demonologist.
The kobold demonologist is moderately wounded.
The ufetubus barely misses you. The ufetubus misses you.
Unknown command.
Really walk into that arrow trap?
You avoid triggering an arrow trap.
The crimson imp barely misses you.
The floating eye gazes piercingly through you!
You suddenly lose the ability to move!
The ufetubus hits you but does no damage.
The ufetubus barely misses you. The ufetubus hits you.
* * * LOW HITPOINT WARNING * * *
The ufetubus hits you but does no damage.
The kobold demonologist hits you with a +2 dagger of pain.
* * * LOW HITPOINT WARNING * * *
You writhe in agony.
* * * LOW HITPOINT WARNING * * *
The crimson imp hits you.
You die...

##########################
#<.#.)§..#.)'..#__#54'3..#
#..'..#.J+..#..'@K4KG#5..#
#..#####'#####'#55####...+
#..####..#...#[#### ####
#..#__####..##[#
#..#_____##'#_.+
#⌠⌠#_.∩..†'..._#
####_..__##_.#'#
#_____###+#(# ####### ###


You could see a sun demon (summoned), an ice devil (summoned), 2 kobold
demonologists, a chaos spawn (summoned), a floating eye, a crimson imp
(summoned), a white imp (summoned) and an ufetubus (summoned).

Vanquished Creatures
  Sigmund (D)
  A yak (D)
  An ogre (D)
  A jelly (D)
  Ijyb (D)
5 creatures vanquished.

Notes
Turn   | Place    | Note
-------+----------+-------------------------------------------
     0 | D        | raphialitos the Spriggan Assassin began the quest for the
                  | Orb.
     0 | D        | Reached XP level 1. HP: 10/10 MP: 2/2
     2 | D        | Noticed Ijyb
     5 | D        | Killed Ijyb
     5 | D        | Reached skill level 9 in Stealth
     5 | D        | Reached XP level 2. HP: 15/15 MP: 3/3
     7 | D        | Noticed an ogre
    10 | D        | Killed an ogre
    10 | D        | Reached skill level 12 in Stealth
    10 | D        | Reached XP level 3. HP: 19/19 MP: 4/4
    10 | D        | Reached XP level 4. HP: 23/23 MP: 5/5
    19 | D        | Noticed Sigmund
    22 | D        | Killed Sigmund
    22 | D        | Reached skill level 16 in Stealth
    22 | D        | Reached XP level 5. HP: 28/28 MP: 6/6
    30 | D        | Found a shimmering blue altar of Sif Muna.
    31 | D        | Found an ornate altar of the Wu Jian Council.
    32 | D        | Found a radiant altar of Vehumet.
    36 | D        | Reached XP level 6. HP: 32/32 MP: 7/7
    66 | D        | Found Ycuin's General Store.
    66 | D        | Found an ancient bone altar of Kikubaaqudgha.
    66 | D        | Found a hazy altar of Hepliaklqana.
    66 | D        | Found a stormy altar of Qazlal.
    66 | D        | Found a hide-covered altar of Uskayaw.
    66 | D        | Found a blossoming altar of Fedhas.
    66 | D        | Found a bloodstained altar of Trog.
    66 | D        | Found an iron altar of Okawaru.
    66 | D        | Found a basalt altar of Yredelemnul.
    66 | D        | Found a glowing golden altar of the Shining One.
    66 | D        | Found a snail-covered altar of Cheibriados.
    66 | D        | Found a sacrificial altar of Ru.
    66 | D        | Found a glowing silver altar of Zin.
    66 | D        | Found a shadowy altar of Dithmenos.
    66 | D        | Found a white marble altar of Elyvilon.
    66 | D        | Noticed a yak
    67 | D        | Found an opulent altar of Gozag.
    68 | D        | Killed a yak
    68 | D        | Reached skill level 5 in Short Blades
    68 | D        | Reached skill level 18 in Stealth
    69 | D        | Found a sparkling altar of Nemelex Xobeh.
    76 | D        | Became a worshipper of Dithmenos the Shadowed
    97 | D        | Found a burning altar of Makhleb.
    97 | D        | Found a viscous altar of Jiyva.
    97 | D        | Found a shimmering altar of Xom.
    97 | D        | Found a corrupted altar of Lugonu.
    97 | D        | Noticed a slime creature
   306 | D        | Noticed a kobold demonologist
   306 | D        | Noticed a floating eye
   307 | D        | Noticed a kobold demonologist
   311 | D        | Noticed a chaos spawn
   315 | D        | Paralysed by a floating eye for 2 turns
   317 | D        | Noticed an ice devil
   324 | D        | Paralysed by a floating eye for 3 turns
   333 | D        | Paralysed by a floating eye for 2 turns
   335 | D        | Noticed a sun demon
   336 | D        | Noticed a chaos spawn
   341 | D        | Paralysed by a floating eye for 2 turns
   342 | D        | HP: 1/33 [kobold demonologist/+2 dagger of pain (1)]
   342 | D        | Slain by a crimson imp

Illustrated notes

Levels and vault maps discovered:
D:        dungeon_sprint_1 [red_sonja_temple_1, red_sonja_temple_small_1]

Skill      XL: |  1  2  3  4  5  6 |
---------------+-------------------+-----
Fighting       | 2 3 |  3.7
Stealth        | 9 12 16 18 | 18.0
Short Blades   | 3 4 5 |  5.0
Throwing       | 3 4 |  4.6
Dodging        | 2 |  2.4

Action                   |  1- 3 |  4- 6 || total
-------------------------+-------+-------++-------
Melee: Dagger            |     2 |    37 ||    39
Throw: Dart              |       |     2 ||     2
  Use: Scroll            |       |     1 ||     1
       Potion            |       |     1 ||     1
 Stab: Sleeping          |     2 |     3 ||     5
Armor: Robe              |       |     3 ||     3
Dodge: Dodged            |       |    18 ||    18
